 Dungeon Crawl Stone Soup version 0.30.1-11-g7821555f0a (console) character file.

Game seed: 10832724768021862170

175 JoeltCo the Covered (level 5, 0/44 (47) HPs)
             Began as a Minotaur Fighter on Jan 10, 2024.
             Slain by a wight
             ... wielding a +3 long sword of freezing
              (1 damage)
             ... on level 3 of the Dungeon.
             The game lasted 00:01:24 (1920 turns).

JoeltCo the Covered (Minotaur Fighter)              Turns: 1920, Time: 00:01:25

HP:   0/44 (47)     AC:  7    Str: 23    XL:     5   Next: 29%
MP:   4/4           EV:  9    Int:  5    God:
Gold: 188           SH:  4    Dex:  9    Spells: 4/4 levels left

rFire   . . .        a - +0 trident
rCold   . . .        c - +0 buckler
rNeg    . . .        b - +0 scale mail
rPois   .            (helmet restricted)
rElec   .            (no cloak)
rCorr   .            (no gloves)
SInv    .            (no boots)
Will    .....        (no amulet) Stlth
                     (no ring)
HPRegen 0.27/turn    (no ring)
MPRegen 0.09/turn

%: no passive effects
@: mighty, drained
A: horns 2, retaliatory headbutt
a: no special abilities


You were on level 3 of the Dungeon.
You visited 1 branch of the dungeon, and saw 3 of its levels.

You collected 188 gold pieces.

Inventory:

Hand Weapons
 a - a +0 trident (weapon)
Armour
 b - a +0 scale mail (worn)
 c - a +0 buckler (worn)
Scrolls
 e - a scroll of teleportation
 l - a scroll of poison
Potions
 f - 2 potions of cancellation
 g - a potion of brilliance {unknown}
 h - a potion of heal wounds {unknown}
 i - a potion of mutation {unknown}
 j - a potion of ambrosia {unknown}
 k - a potion of curing {unknown}


   Skills:
 + Level 4.8 Fighting
 + Level 3.9 Polearms
 + Level 4.8 Armour
 + Level 4.8 Shields


You had 4 spell levels left.
You didn't know any spells.
Your spell library contained the following spells:

 Spells                   Type           Power      Damage    Failure   Level
 Alistair's Intoxication  Tmut/Pois      0%         N/A       100%        5
 Borgnjor's Vile Clutch   Necr/Erth      0%         N/A       100%        5
 Eringya's Noxious Bog    Tmut/Pois      0%         N/A       100%        6


Dungeon Overview and Level Annotations

Branches:
Dungeon (3/15)

Altars:

Shops:
D:1 [


Innate Abilities, Weirdness & Mutations

You have a pair of horns on your head.
You reflexively headbutt those who attack you in melee.


Message History

You hit the wight.
You destroy the wight!
You block the wight's attack. x2
Your life force feels restored.
You hit the wight but do no damage.
The wight hits you with a +0 short sword!
You feel drained.
You closely miss the wight. You block the wight's attack.
You feel very mighty all of a sudden.
The wight hits you with a +0 short sword.
You feel drained.
You puncture the wight!
The wight is almost destroyed.
The wight hits you with a +0 short sword.
You feel drained.
You closely miss the wight.
The wight is almost destroyed.
You block the wight's attack.
You puncture the wight!
You destroy the wight!
Your life force feels restored.
You have reached level 5!
You closely miss the wight.
The wight hits you with a +3 long sword of freezing!
The wight freezes you.
You hit the wight.
The wight is lightly damaged.
The wight barely misses you.
The wight hits you with a +3 long sword of freezing.
* * * LOW HITPOINT WARNING * * *
You feel drained. The wight freezes you.
* * * LOW HITPOINT WARNING * * *
You closely miss the wight.
The wight is lightly damaged.
The wight hits you with a +3 long sword of freezing!
* * * LOW HITPOINT WARNING * * *
You feel drained.
* * * LOW HITPOINT WARNING * * *
The wight freezes you.
You die...

###....# ......# #
#..... ... #<..#
.......#..##
#...........
#+#####.#.####. ##.#
#.##.....
##..#####..#####.
####...........##.#.
#)z@..⌠..>..⌠.....#.
#.##...........##.#.
#. ##..#####.†##..##
#. ##.# #.##..... #.
#.# #.##.#.## #. ..#
#........ #. ###
##.#.#.## ##
###.#... #.#.##
#.#... #.#.#.


You could see a wight.

Vanquished Creatures
  2 wights (D:3)
  A gnoll (D:1)
  2 adders
  A dart slug (D:1)
  6 ball pythons
  7 bats
  4 endoplasms
  3 giant cockroaches
  2 goblins (D:1)
  3 hobgoblins
  3 jackals (D:1)
  2 frilled lizards (D:1)
  3 kobolds
  4 rats
43 creatures vanquished.

Notes
Turn   | Place    | Note
-------+----------+-------------------------------------------
     0 | D:1      | JoeltCo the Minotaur Fighter began the quest for the Orb.
     0 | D:1      | Reached XP level 1. HP: 19/19 MP: 0/0
   104 | D:1      | Reached XP level 2. HP: 27/27 MP: 1/1
   219 | D:1      | Found Cenkar's Antique Armour Boutique.
   428 | D:1      | Reached XP level 3. HP: 32/33 MP: 2/2
  1778 | D:3      | Reached XP level 4. HP: 28/40 MP: 3/3
  1918 | D:3      | Reached XP level 5. HP: 25/47 MP: 4/4
  1920 | D:3      | HP: 1/44 [wight/+3 long sword of freezing (2)]
  1920 | D:3      | Slain by a wight

Illustrated notes

Levels and vault maps discovered:
D:1:      dpeg_arrival_short_road, layout_loops_ring, serial_shops, shop,
          nicolae_grassy_gnolls
D:2:      layout_basic
D:3:      layout_basic, dancing_weapons_uskayaw, hangedman_decor_points,
          grunt_ministairs_15, chequers_serial_rivers_micro_b

Skill      XL: |  1  2 |
---------------+-------+-----
Armour         | 4 |  4.8
Fighting       | 4 |  4.8
Shields        | 4 |  4.8
Polearms       | 3 |  3.9

Action                     |  1- 3 |  4- 6 || total
---------------------------+-------+-------++-------
  Melee: Trident           |    88 |    19 ||   107
         Headbutt          |     9 |     3 ||    12
    Use: Scroll            |     4 |       ||     4
         Potion            |       |     1 ||     1
 Armour: Scale mail        |    25 |     2 ||    27
  Dodge: Dodged            |    29 |     6 ||    35
  Block: Buckler           |    11 |     4 ||    15
